 Dungeon Crawl Stone Soup version 0.18.1-1-g2f07953 (webtiles) character file.

876 oplop the Vexing (level 8, 0/36 HPs)
             Began as a Vine Stalker Enchanter on May 7, 2016.
             Was an Initiate of Dithmenos.
             Slain by a killer bee (2 damage)
             ... on level 6 of the Dungeon.
             The game lasted 00:08:44 (4399 turns).

oplop the Vexing (Vine Stalker Enchanter)           Turns: 4399, Time: 00:08:45

Health: 0/36       AC:  4    Str: 10    XL:     8   Next: 4%
Magic:  0/15       EV: 12    Int: 15    God:    Dithmenos [......]
Gold:   297        SH:  0    Dex: 18    Spells: 4 memorised, 6 levels left

rFire  + . .     SeeInvis .     a - +1 dagger
rCold  + . .     Gourm    .     b - +1 robe
rNeg   . . .     Faith    .     (no shield)
rPois  +         Spirit   +     y - +0 helmet
rElec  +         Dismiss  .     (no cloak)
rCorr  +         Reflect  .     (no gloves)
SustAt .         Harm     +     (no boots)
MR     +....                    i - amulet of harm
Stlth  +++.......               (no ring)
                                (no ring)

@: resistant, very slightly contaminated, somewhat resistant to hostile
enchantments, fairly stealthy
A: fangs 3, regeneration 2, magic shield, antimagic bite, no device heal 3, rot
immunity
a: Renounce Religion


You were on level 6 of the Dungeon.
You worshipped Dithmenos.
Dithmenos was noncommittal.
You were not hungry.

You visited 2 branches of the dungeon, and saw 7 of its levels.

You collected 297 gold pieces.

Inventory:

Hand Weapons
 a - a +1 dagger (weapon)
Missiles
 s - 12 tomahawks (quivered)
 A - 8 tomahawks of returning
Armour
 b - a +1 robe (worn)
 l - a +0 helmet
 y - a +0 helmet (worn)
Jewellery
 i - an amulet of harm (around neck)
 k - an uncursed amulet of the gourmand
 q - an uncursed amulet of rage
Wands
 r - a wand of hasting (6/9)
 v - a wand of flame (16/48)
Scrolls
 e - a scroll of immolation {unknown}
 f - 7 scrolls of identify
 g - a scroll of magic mapping {unknown}
 m - 3 scrolls of enchant weapon {unknown}
 n - 3 scrolls of remove curse {unknown}
 o - 2 scrolls of fear {unknown}
 p - 2 scrolls of teleportation {unknown}
 w - 3 scrolls of amnesia {unknown}
 z - 2 scrolls of random uselessness {unknown}
Books
 c - a book of Maledictions

   Spells                             Type                      Level
   a - Corona                         Hexes                        1
   b - Ensorcelled Hibernation        Hexes/Ice                    2
   c - Confuse                        Hexes                        3
   d - Tukima's Dance                 Hexes                        3
   e - Dazzling Spray                 Conjuration/Hexes            3
Comestibles
 d - 3 bread rations
 h - a meat ration


   Skills:
 + Level 3.3 Short Blades
 - Level 1.5 Dodging
 + Level 6.0 Stealth
 + Level 4.4 Spellcasting
 * Level 6.6 Hexes


You had 6 spell levels left.
You knew the following spells:

 Your Spells              Type           Power        Failure   Level  Hunger
a - Corona                Hex            ###....      1%          1    None
b - Ensorcelled Hibernat  Hex/Ice        ##....       10%         2    ##.....
c - Confuse               Hex            ###.....     3%          3    ###....
d - Tukima's Dance        Hex            ###.....     3%          3    ###....


Dungeon Overview and Level Annotations

Branches:
Dungeon (6/15)             Temple (1/1) D:5

Altars:
Ashenzari
Cheibriados
Dithmenos
Elyvilon
Fedhas
Gozag
Kikubaaqudgha
Nemelex Xobeh
Okawaru
Pakellas
Qazlal
Ru
Sif Muna
Trog
Vehumet
Xom
Zin
The Shining One


Innate Abilities, Weirdness & Mutations

You have razor-sharp teeth.
You heal very quickly.
When hurt, damage is shared between your health and your magic reserves.
Your bite disrupts and absorbs the magic of your enemies.
Potions and wands cannot restore your health.
You are immune to rotting.


Message History

You feel better. The killer bee closely misses you.
The killer bee barely misses you.
A wight comes into view. It is wielding a short sword.
Drink which item? (? for menu, Esc to quit)
It was a potion of resistance.
You feel protected. The killer bee barely misses you.
The killer bee stings you but does no damage.
Read which item? (? for menu, Esc to quit)
Blink to where?
Press: ? - help, Dir - move target cursor, p - killer bee You are very lightly contaminated with residual magic.
As you read the scroll labeled LUISAJA OMNEEROJ, it crumbles to dust.
It was a scroll of blinking.
The wight closely misses you.
The killer bee stings you but does no damage.
The killer bee stings you!
* * * LOW HITPOINT WARNING * * *
A worm comes into view.
The killer bee stings you.
You die...

#.>## #.w ##.##
#.. #.## #.#+#
#.## #.#.# ###
#####.## #.#.# #..
..##.## #.#.#
#.####.##.## #.#.#
#.#..y..yzy.
#@#.###.##.#.##.##
#y#.....##.#z#
#.z.z..zz..#.#
############.# #.#
#.# #.#


You could see a worm (sleeping), a killer bee and a wight.

Vanquished Creatures
  An ogre (D:4)
  A scorpion (D:5)
  4 killer bees (D:6)
  2 howler monkeys (D:5)
  2 giant frog zombies
  4 hounds
  An orc wizard (D:3)
  A centaur skeleton (D:6)
  An iguana (D:6)
  2 worker ants
  6 adders
  A shadow imp (D:5)
  A worm (D:2)
  2 dart slugs
  5 giant geckos
  8 orcs
  7 giant cockroaches
  9 goblins
  9 hobgoblins
  2 jackals (D:2)
  3 kobolds
  2 quokkas
  3 ball pythons
  6 bats
  A giant gecko skeleton (D:6)
  5 giant newts
  A quokka zombie (D:6)
  10 rats
100 creatures vanquished.

Vanquished Creatures (collateral kills)
  An orc priest (D:5)
1 creature vanquished.

Vanquished Creatures (others)
  2 dancing weapons (D:5)
  An iguana (D:3)
3 creatures vanquished.

Grand Total: 104 creatures vanquished

Notes
Turn   | Place    | Note
--------------------------------------------------------------
     0 | D:1      | oplop the Vine Stalker Enchanter began the quest for the Orb.
     0 | D:1      | Reached XP level 1. HP: 9/9 MP: 4/4
    78 | D:1      | Reached skill level 1 in Short Blades
    96 | D:1      | Reached XP level 2. HP: 9/13 MP: 6/6
   647 | D:1      | Learned a level 2 spell: Ensorcelled Hibernation
   670 | D:1      | Reached XP level 3. HP: 16/16 MP: 7/7
  1139 | D:2      | Found a snail-covered altar of Cheibriados.
  1140 | D:2      | Found a deep blue altar of Sif Muna.
  1272 | D:2      | Found a glowing golden altar of the Shining One.
  1348 | D:2      | Learned a level 3 spell: Confuse
  1628 | D:3      | Reached XP level 4. HP: 9/21 MP: 0/9
  1715 | D:3      | Found an oddly glowing altar of Pakellas.
  1715 | D:3      | Noticed an orange crystal statue
  1979 | D:3      | Reached XP level 5. HP: 20/24 MP: 7/10
  2131 | D:3      | Learned a level 3 spell: Tukima's Dance
  2441 | D:4      | Noticed an ogre
  2444 | D:4      | Killed an ogre
  2444 | D:4      | Reached skill level 5 in Hexes
  2444 | D:4      | Gained mutation: You heal very quickly. [Vine Stalker growth]
  2444 | D:4      | Reached XP level 6. HP: 28/28 MP: 6/12
  2607 | D:4      | Found a white marble altar of Elyvilon.
  2957 | D:5      | Entered Level 5 of the Dungeon
  3037 | D:5      | Found a staircase to the Ecumenical Temple.
  3129 | Temple   | Entered the Ecumenical Temple
  3406 | D:5      | Reached skill level 5 in Stealth
  3702 | D:5      | Reached XP level 7. HP: 27/32 MP: 7/13
  4190 | D:6      | Found a shadowy altar of Dithmenos.
  4197 | D:6      | Found an opulent altar of Gozag.
  4207 | D:6      | Became a worshipper of Dithmenos the Shadowed
  4379 | D:6      | Gained mutation: You have razor-sharp teeth. [Vine Stalker growth]
  4379 | D:6      | Reached XP level 8. HP: 25/36 MP: 4/15
  4399 | D:6      | Slain by a killer bee

Skill      XL: |  1  2  3  4  5  6  7 |
---------------+----------------------+-----
Short Blades   | 1 2 3 |  3.3
Stealth        | 4 5 6 |  6.0
Hexes          | 4 5 6 |  6.6
Spellcasting   | 3 4 |  4.4
Dodging        | |  1.5

Action                   |  1- 3 |  4- 6 |  7- 9 || total
-------------------------+-------+-------+-------++-------
Melee: Dagger            |   131 |   168 |    18 ||   317
       Bite              |    24 |    36 |     1 ||    61
 Cast: Corona            |     3 |       |       ||     3
       Ensorcelled Hiber |     4 |    21 |     6 ||    31
       Tukima's Dance    |       |     4 |       ||     4
  Use: Scroll            |       |     1 |     1 ||     2
       Potion            |       |     1 |     5 ||     6
 Stab: Sleeping          |    12 |    17 |    12 ||    41
       Distracted        |       |       |     1 ||     1
  Eat: Chunk             |     3 |     5 |       ||     8
       Meat ration       |       |     1 |       ||     1
Armor: Robe              |    29 |    38 |     4 ||    71
Dodge: Dodged            |   100 |    86 |     8 ||   194
